 Dungeon Crawl Stone Soup version 0.22.1-1-ga44c0e5 (webtiles) character file.

16 Yandel the Vexing (level 2, -3/16 HPs)
             Began as a Gargoyle Arcane Marksman on Sept 19, 2018.
             Slain by a worm (5 damage)
             ... on level 2 of the Dungeon on Sept 21, 2018.
             The game lasted 00:06:29 (950 turns).

Yandel the Vexing (Gargoyle Arcane Marksman)         Turns: 950, Time: 00:06:30

Health: -3/16      AC:  4    Str: 13    XL:     2   Next: 54%
Magic:  0/3        EV: 12    Int: 13    God:
Gold:   36         SH:  0    Dex: 10    Spells: 0/3 levels left

rFire    . . .     SeeInvis .   a - +0 shortbow
rCold    . . .     Gourm    .   (shield currently unavailable)
rNeg     + . .     Faith    .   e - +0 robe
rPois    ∞         Spirit   .   (no helmet)
rElec    +         Reflect  .   (no cloak)
rCorr    .         Harm     .   (no gloves)
MR       .....                  (no boots)
Stlth    +.........             (no amulet)
HPRegen  0.05/turn              g - ring of wizardry
MPRegen  0.08/turn              (no ring)

@: no status effects
A: negative energy resistance 1, electricity resistance, unbreathing,
petrification resistance, rot immunity, AC +2
a: no special abilities


You were on level 2 of the Dungeon.
You were hungry.

You visited 1 branch of the dungeon, and saw 2 of its levels.

You collected 36 gold pieces.

Inventory:

Hand Weapons
 a - a +0 shortbow (weapon)
 b - a +0 club
Missiles
 d - 4 arrows (quivered)
Armour
 e - a +0 robe (worn)
Jewellery
 g - a ring of wizardry (left hand)
Comestibles
 f - 2 rations


   Skills:
 + Level 1.1 Fighting
 + Level 2.2 Bows
 + Level 1.8 Dodging
 + Level 1.2 Spellcasting
 + Level 3.0 Hexes


You couldn't memorise any spells.
You knew the following spells:

 Your Spells              Type           Power        Failure   Level  Hunger
a - Corona                Hex            #......      3%          1    ##.....
b - Slow                  Hex            #.......     4%          2    ###....

Your spell library contained the following spells:

 Spells                   Type           Power        Failure   Level  Hunger
 Inner Flame              Hex/Fire       #.......     17%         3    ####...
 Portal Projectile        Hex/Tloc       #.....       17%         3    ####...
 Cause Fear               Hex            #.........   30%         4    #####..
 Leda's Liquefaction      Hex/Erth       #.........   47%         4    #####..


Dungeon Overview and Level Annotations

Branches:
Dungeon (2/15)

Altars:


Innate Abilities, Weirdness & Mutations

You are resistant to torment.
Your stone body is resilient. (AC +2)
You are immune to poison.
You resist negative energy. (rN+)
You are resistant to electric shocks. (rElec)
You can survive without breathing.
You are immune to petrification.
You are immune to rotting.


Message History

Casting: Slow (safe; 4% risk of failure)
Confirm with . or Enter, or press ? or * to list all spells.
Aiming: Corona (safe; 3% risk of failure)
Press: ? - help, Shift-Dir - straight line, f/p - worm
Aim: a worm (chance to defeat MR: 51%)
The worm is outlined in light.
You feel a little less agile now.
Firing (i - inventory)
d - 6 arrows (quivered)
Press: ? - help, Shift-Dir - straight line, f/p - worm
Aim: a worm (softly glowing)
You shoot an arrow. The arrow hits the worm.
The worm is moderately wounded.
Firing (i - inventory)
d - 5 arrows (quivered)
Press: ? - help, Shift-Dir - straight line, f/p - worm
Aim: a worm (moderately wounded, softly glowing)
You shoot an arrow. The arrow hits the worm.
The worm is heavily wounded.
The worm stops glowing.
The worm bites you.
You die...

##### ####...# #######
.......######.....#
#.............#
#..#..........##### #
#..w..........#.... #
#.#.@................
#[#.#....(.)<..........
.........(.$........>..
.?......(#####.........
#.......#..w...(.......
#.......#(.(...........
#.......#.†............
#...........(..........
#....%.......#.........


You could see a worm.

Vanquished Creatures
  A dart slug (D:1)
  3 hobgoblins
  3 bats
  3 frilled lizards
  2 goblins
  4 kobolds
16 creatures vanquished.

Notes
Turn   | Place    | Note
-------+----------+-------------------------------------------
     0 | D:1      | Yandel the Gargoyle Arcane Marksman began the quest for the
                  | Orb.
     0 | D:1      | Reached XP level 1. HP: 12/12 MP: 2/2
   268 | D:1      | Reached XP level 2. HP: 14/16 MP: 1/3
   513 | D:1      | Learned a level 2 spell: Slow
   798 | D:1      | Reached skill level 3 in Hexes
   938 | D:2      | Upgraded the game from 0.22.1 to 0.22.1-1-ga44c0e5
   950 | D:2      | Slain by a worm

Skill      XL: |  1  2 |
---------------+-------+-----
Hexes          | 3 |  3.0
Fighting       | |  1.1
Bows           | |  2.2
Dodging        | |  1.8
Spellcasting   | |  1.2

Action                   || total
-------------------------++-------
Melee: Club              ||    22
 Fire: Shortbow          ||    32
 Cast: Corona            ||    15
       Slow              ||     2
  Use: Potion            ||     1
Armor: Robe              ||    25
Dodge: Dodged            ||    53
